cohdb
Replays
Latest Replays
All Replays
Popular Replays
Top Player Replays
Match Explorer
How It Works
Community
CoH3 Stats
Reddit
Sign in to upload your games and track your stats! →
Sign in with Steam
Match 44620752
Unlisted
Match 44620752
Overview
Messages
Build Orders
End
Scout Squad
Construct Weapon Support Center
M1919 Machine Gun Team
Selects Airborne Battlegroup
Selects Pathfinders
M1919 Machine Gun Team
Engineer Squad
Infantry Support Center
M3 Armored Personnel Carrier
Selects Paratrooper Squad Paradrop
Paratrooper Squad Paradrop
RICO
咚咚锵个腿
0
0
Comments
sign in to comment!
No comments posted yet!